woodfighter, chaotic female elven Priestess ---------------- |s..)(.........| |.@.)..........| |....(.......... |....))....>...| ---------------- woodfighter the Acolyte Experience level: 5 Strength: 14 Dexterity: 13 Constitution: 13 Intelligence: 18 Wisdom: 9 Charisma: 10 Health: 0(30) Energy: 74(74) Def: 4 Gold: 0 Moves: 2616 Dungeon seed: _BDiEAVJNbTPniAo Game ID: woodfighter_1534350614 Your Inventory: Weapons a - a blessed +2 mace (weapon in hand) Armor e - a +0 robe (being worn) n - a +0 small shield (being worn) r - a +0 orcish helm (being worn) z - a +0 mummy wrapping Comestibles c - a clove of garlic d - 3 sprigs of wolfsbane k - a cram ration q - 3 tripe rations u - a lichen corpse x - a eucalyptus leaf L - a tin of hobbit meat Rings m - a cursed ring of searching Wands f - a wand of cancellation (0:1) I - a wand of nothing (0:4) J - a wand of enlightenment (0:14) P - a wand of lightning (0:6) Tools j - a tooled horn s - a bag of holding y - a skeleton key A - a brass lantern (0:1346) N - a blindfold Contents of the bag of holding: 434 gold pieces a scroll of blank paper a scroll of destroy armor a scroll of fire a spellbook of detect food a spellbook of detect monsters a spellbook of healing a spellbook of light a spellbook of slow monster a potion of acid a potion of booze a potion of enlightenment 2 potions of hallucination 3 potions of holy water a potion of see invisible a cursed potion of speed 2 potions of water Spells and supernatural/magical abilities: Name Level Category Fail Memory l - light 1 divination 0% 87% n - detect monsters 1 divination 0% 87% E - detect food 2 divination 46% 87% W - pray for help -- divine ? -- X - turn undead -- divine ? -- Your skills at the end: Miscellaneous Skills shield [Basic] wands [Basic] Weapon Skills mace [Basic] Spellcasting Skills clerical spells [Basic] Final Attributes: You were piously aligned. You were sleep resistant. Your writing hand was ok. You had infravision. You were very stealthy. You are dead. Vanquished creatures: a small mimic a gnome mummy a fog cloud a giant ant a kitten 2 iguanas a jitterbug 2 orc zombies 2 hobbits an acid blob 2 geckos a hobgoblin a red mold 8 garter snakes 9 jackals a kobold 5 newts a goblin 2 sewer rats a lichen a kobold zombie 45 creatures vanquished. Voluntary challenges: You did not adorn yourself with jewelry or accessories. You did not cause conflict. You were not invisible. You did not have reflection. You were not displaced. You were an atheist. You used a wielded weapon 61 times, starting on turn 46. You did not apply a unicorn horn. You did not use plumbed fixtures. You did not drink any magical draughts. You read items or engraved 2 times, starting on turn 1344. You never genocided any monsters. You never polymorphed an object. You never changed form. You used no wishes. You never split a pudding. You never wrote Elbereth's name. You never violated your personal moral code. Dungeon overview: The Dungeons of Doom: levels 1 to 8 Level 1 (visible vault) some fountains a long staircase Level 2 stairs to The Gnomish Mines Level 3 a general store, an altar to Shan Lai Ching, a fountain Level 4 (water) Level 5 (visible vault) a fountain Level 6 a fountain Level 7 <- You were here Level 8 a fountain The Gnomish Mines: Level 3 stairs to The Dungeons of Doom History has recorded: On T:1 you entered the Dungeons of Doom to retrieve the Amulet of Yendor! On T:416 you reached level 2 of The Dungeons of Doom. On T:555 you reached level 3 of The Dungeons of Doom. On T:714 you reached level 1 of The Gnomish Mines. On T:1029 you advanced to experience level 2. On T:1226 you reached level 4 of The Dungeons of Doom. On T:1277 you advanced to experience level 3. On T:1428 you advanced to experience level 4. On T:1487 you reached level 5 of The Dungeons of Doom. On T:2074 you reached level 6 of The Dungeons of Doom. On T:2451 you reached level 8 of The Dungeons of Doom. On T:2556 you reached level 7 of The Dungeons of Doom. On T:2573 you advanced to experience level 5. Score breakdown: Gold: 434 ( 43 points) Experience: 5 levels ( 400 points) Exploration: 8 levels ( 210 points) Discoveries: 19 items ( 950 points) Variety of kills: 21 monsters ( 1050 points) Major goal: (nothing yet) ( 0 points) Survival: died (score multiplied by 3) Total score: 7959 Latest messages: You put 121 gold pieces into the bag called holding. You put a scroll labeled READ ME into the bag called holding. You put a cloudy potion into the bag called holding. You put a murky potion into the bag called holding. You put a cursed cyan potion into the bag called holding. You hit the giant spider! The giant spider bites! The giant spider moves its spinnerets around you. The web sticks you to the floor. The giant spider bites! The giant spider moves its spinnerets around you. You feel more confident in your weapon skills. You hit the giant spider. The giant spider bites! The giant spider moves its spinnerets around you. You hit the giant spider. The giant spider bites! The giant spider moves its spinnerets around you. The giant spider bites! The giant spider moves its spinnerets around you. The giant spider bites! The giant spider's bite was poisoned! You die... Final status: Goodbye woodfighter the Priestess, poisoned by a giant spider... You died in The Dungeons of Doom on dungeon level 7 with 7959 points, and 434 pieces of gold, after 2616 moves. You were level 5 with a maximum of 30 hit points when you died.